 Dungeon Crawl Stone Soup version 0.29-a0-676-ga64570c9d2 (webtiles) character file.

Game seed: 14116802890472607817

5 Zonian the Chiller (level 1, 0/9 HPs)
             Began as a Vine Stalker Ice Elementalist on June 24, 2022.
             Slain by a hobgoblin (3 damage)
             ... on level 1 of the Dungeon.
             The game lasted 00:00:51 (128 turns).

Zonian the Chiller (Vine Stalker Ice Elementalist)   Turns: 128, Time: 00:00:52

Health: 0/9        AC:  2    Str: 10    XL:     1   Next: 80%
Magic:  0/4        EV: 12    Int: 15    God:
Gold:   0          SH:  0    Dex: 14    Spells: 3/4 levels left

rFire   . . .      SeeInvis .   (no weapon)
rCold   . . .      Faith    .   (no shield)
rNeg    . . .      Spirit   +   a - +0 robe
rPois   .          Reflect  .   (no helmet)
rElec   .          Harm     .   (no cloak)
rCorr   .          Rampage  .   (no gloves)
Will    .....                   (no boots)
Stlth   ++........              (no amulet)
HPRegen 0.03/turn               (no ring)
MPRegen 0.09/turn               (no ring)

@: no status effects
A: fangs 2, magic shield, antimagic bite, no potion heal 2
a: no special abilities


You were on level 1 of the Dungeon.
You visited 1 branch of the dungeon, and saw 1 of its levels.

Inventory:

Armour
 a - a +0 robe (worn)
Jewellery
 c - an amulet of regeneration
Scrolls
 d - a scroll of teleportation {unknown}
Potions
 b - a potion of magic


   Skills:
 + Level 1.7 Dodging
 + Level 2.6 Stealth
 + Level 2.3 Spellcasting
 + Level 4.0 Ice Magic


You had 3 spell levels left.
You knew the following spells:

 Your Spells              Type           Power      Damage    Failure   Level
a - Freeze                Ice            52%        1d7       4%          1

Your spell library contained the following spells:

 Spells                   Type           Power      Damage    Failure   Level
 Frozen Ramparts          Ice            26%        1d4       12%         3
 Ozocubu's Armour         Ice            13%        N/A       12%         3
 Hailstorm                Conj/Ice       7%         3d4       67%         4


Dungeon Overview and Level Annotations

Branches:
Dungeon (1/15)

Altars:


Innate Abilities, Weirdness & Mutations

You have extremely sharp teeth.
When hurt, damage is shared between your health and your magic reserves.
Your bite disrupts and absorbs the magic of your enemies.
Potions cannot restore your health.


Message History

You see here a scroll labelled ECSO LIUFIRO.
Found 4 stones.
The bat closely misses you. The bat closely misses you.
The bat attacks as you move away! The bat closely misses you.
The bat hits you but does no damage. The bat completely misses you.
You freeze the bat!
You kill the bat!
Unknown command.
You freeze the kobold.
The kobold is moderately wounded.
The kobold hits you with a +0 dagger.
You freeze the kobold!
You kill the kobold!
Unknown command.
You are out of magic!
You are out of magic!
You are out of magic!
Unknown command.
Casting: Freeze (safe; 4% risk of failure)
Confirm with . or Enter, or press ? or * to list all spells.
You don't have enough magic to cast this spell.
Unknown command.
Unknown command.
You closely miss the hobgoblin. The hobgoblin hits you.
You hit the hobgoblin but do no damage. Your bite misses the hobgoblin.
The hobgoblin hits you.
You hit the hobgoblin but do no damage. The hobgoblin barely misses you.
You barely miss the hobgoblin. You bite the hobgoblin. You drain its power.
You feel invigorated.
The hobgoblin is heavily wounded.
The hobgoblin completely misses you.
Casting: Freeze (safe; 4% risk of failure)
Confirm with . or Enter, or press ? or * to list all spells.
Aiming: Freeze (safe; 4% risk of failure)
Press: ? - help, Shift-Dir - straight line, f - hobgoblin
Aim: a hobgoblin (heavily wounded)
You freeze the hobgoblin.
The hobgoblin is severely wounded.
The hobgoblin hits you.
You die...

#(# #.# #.# ### #.# ... #.# #..
#.# .# ############...###.# #.#
.......##>......@gg# #.# ##>
.......##...######.## #.# B..
##'##..##...# #.?# #.##.#
....#..# #..# ##.# #.#..#
....+..####.#######g###...##...
....#..##.....[.....g.K......?.
<...#..##.....#########.####..
....#..##.###......#.....g.g...
....#.....# #..†.....K....#####


You could see 2 hobgoblins.

Vanquished Creatures
  A bat (D:1)
  A kobold (D:1)
  2 quokkas (D:1)
4 creatures vanquished.

Notes
Turn   | Place    | Note
-------+----------+-------------------------------------------
     0 | D:1      | Zonian the Vine Stalker Ice Elementalist began the quest
                  | for the Orb.
     0 | D:1      | Reached XP level 1. HP: 9/9 MP: 4/4
   128 | D:1      | Slain by a hobgoblin

Illustrated notes

Levels and vault maps discovered:
D:1:      lemuel_arrival_room, layout_rooms,
          shapermc_ecumenical_altar_mp_urbaneastern

Action                   || total
-------------------------++-------
Melee: Unarmed           ||     4
       Bite              ||     1
 Cast: Freeze            ||     8
Armor: Robe              ||     4
Dodge: Dodged            ||    20

Table legend: (Time is in decaauts)
 A = Elapsed time spent in this place.
 B = Non-inter-level travel time spent in this place.
 C = Inter-level travel time spent in this place.
 D = Time resting spent in this place.
 E = Time spent auto-exploring this place.
 F = Levels seen in this place.
 G = Mean time per level.
                   A        B        C        D        E       F      G
               +--------+--------+--------+--------+--------+-----+--------+
         Total |    128 |    128 |      0 |      0 |     93 |   1 |  128.0 |
       Dungeon |    128 |    128 |      0 |      0 |     93 |   1 |  128.0 |
               +--------+--------+--------+--------+--------+-----+--------+

Top non-repeatable levels by time:
     D:1: 128 daAuts
